 Dungeon Crawl Stone Soup version 0.31.0-12-g77e489cdc1 (webtiles) character file.

Game seed: 15958462116450397548

237 KennySheep the Chopper (level 6, -7/56 HPs)
             Began as a Hill Orc Monk on Mar 3, 2024.
             Mangled by a gnoll
             ... wielding a +0 halberd
             ... led by a gnoll bouda
              (15 damage)
             ... on level 3 of the Dungeon.
             The game lasted 00:03:23 (1815 turns).

KennySheep the Chopper (Hill Orc Monk)              Turns: 1815, Time: 00:03:23

Health: -7/56      AC:  4    Str: 16    XL:     6   Next: 6%
Magic:  6/6        EV: 12    Int: 10    God:
Gold:   199        SH:  0    Dex: 13    Spells: 5/5 levels left

rFire   . . .        a - +0 hand axe
rCold   . . .        d - orb {light}
rNeg    . . .        b - +0 robe
rPois   .            f - +1 helmet
rElec   .            (no cloak)
rCorr   .            (no gloves)
SInv    .            (no boots)
Will    .....        (no amulet)
Stlth   +            (no ring)
HPRegen 0.29/turn    (no ring)
MPRegen 0.10/turn

%: no passive effects
@: weakened, glowing
A: no striking features
a: no special abilities


You were on level 3 of the Dungeon.
You visited 1 branch of the dungeon, and saw 3 of its levels.

You collected 199 gold pieces.

Inventory:

Hand Weapons
 a - a +0 hand axe (weapon)
Armour
 b - a +0 robe (worn)
 d - an orb of light (worn)
 f - a +1 helmet (worn)
Jewellery
 h - a ring of positive energy
Scrolls
 g - a scroll of revelation {unknown}
 i - a scroll of noise {unknown}
 j - a scroll of enchant armour
 k - a scroll of immolation {unknown}
 l - a scroll of amnesia {unknown}
 m - a scroll of torment {unknown}
 n - a scroll of identify {unknown}
Potions
 c - a potion of ambrosia
 o - a potion of invisibility {unknown}


   Skills:
 + Level 5.0 Fighting
 * Level 6.8 Axes
 + Level 2.8 Armour
 - Level 2.4 Dodging


You had 5 spell levels left.
You didn't know any spells.
Your spell library contained the following spells:

 Spells                   Type           Power      Damage    Failure   Level
 Vhi's Electric Charge    Tloc/Air       0%         N/A       98%         4
 Arcjolt                  Conj/Air       0%         1d10      100%        5
 Maxwell's Capacitive Co  Air            0%         ∞         100%        8


Dungeon Overview and Level Annotations

Branches:
Dungeon (3/15)

Altars:


Message History

You hit the gnoll bouda but do no damage.
You closely miss the goblin. The gnoll barely misses you.
The gnoll hits you with a +0 halberd. The goblin hits you but does no damage.
The gnoll bouda hits you with a +0 club.
You hit the gnoll.
You kill the gnoll!
You barely miss the gnoll bouda. You hit the goblin.
The gnoll closely misses you. The goblin closely misses you.
The gnoll bouda gazes fiercely through you!
You feel as though you will be weak longer.
The gnoll bouda barely misses you.
You hit the goblin.
You kill the goblin!
You hit the gnoll bouda. The gnoll closely misses you.
The gnoll bouda hits you but does no damage.
You completely miss the gnoll bouda.
The gnoll bouda is moderately wounded.
The gnoll hits you from afar with a +0 halberd!
The gnoll bouda gazes fiercely through you!
You feel as though you will be weak longer.
The gnoll bouda completely misses you.
You hit the gnoll bouda but do no damage.
The gnoll bouda is moderately wounded.
The gnoll closely misses you.
The gnoll bouda gazes fiercely through you!
You feel as though you will be weak longer.
The gnoll bouda hits you with a +0 club!
* * * LOW HITPOINT WARNING * * *
You completely miss the gnoll bouda.
The gnoll bouda is moderately wounded.
The gnoll closely misses you.
The gnoll bouda hits you with a +0 club!
* * * LOW HITPOINT WARNING * * *
The gnoll attacks as it pursues you! The gnoll closely misses you.
Okay, then.
The air fills with toxic fumes!
As you read the scroll labelled JAULUNL BIDYU, it crumbles to dust.
It was a scroll of poison.
The gnoll hits you from afar with a +0 halberd!
You die...

######## ###
#§§§§§§######
.§§§#####§§§§§§§....#####
.§§§§§§§#§§§§§§§.........
.§§§§§gg@§§§§§§§.......##
.§§§§§§§§§§§§§§§.......##
.§§§§§§§§§§§§§§§.........
.§§§§§§§§§§§§§§§.........
.§§§§§§§§§§§§§§§.........
.§§§###§§§§§§§§§.........
.§§§ #§§§§§§§§§.#...#.#.
.§§ #§§§§§§###.#.....##
+#.......


You could see a gnoll bouda and a gnoll (swift).

Vanquished Creatures
  Sigmund (D:2)
  An adder (D:2)
  2 gnolls (D:3)
  2 dart slugs (D:1)
  A ribbon worm (D:3)
  2 orcs
  3 bats
  2 endoplasms
  2 giant cockroaches
  2 goblins
  8 hobgoblins
  2 ball pythons (D:2)
  3 frilled lizards
  4 kobolds
  4 rats
39 creatures vanquished.

Notes
Turn   | Place    | Note
-------+----------+-------------------------------------------
     0 | D:1      | KennySheep the Hill Orc Monk began the quest for the Orb.
     0 | D:1      | Reached XP level 1. HP: 19/19 MP: 1/1
   286 | D:1      | Reached XP level 2. HP: 24/27 MP: 2/2
   623 | D:1      | Reached skill level 1 in Armour
   949 | D:2      | Reached XP level 3. HP: 30/33 MP: 3/3
   966 | D:2      | Reached skill level 5 in Axes
  1230 | D:2      | Noticed Sigmund
  1263 | D:2      | Killed Sigmund
  1264 | D:2      | Reached skill level 6 in Axes
  1264 | D:2      | Reached XP level 4. HP: 21/41 MP: 4/4
  1264 | D:2      | Reached XP level 5. HP: 24/47 MP: 5/5
  1807 | D:3      | Reached skill level 5 in Fighting
  1807 | D:3      | Reached XP level 6. HP: 48/56 MP: 6/6
  1815 | D:3      | Mangled by a gnoll

Illustrated notes

Levels and vault maps discovered:
D:1:      shiori_shiawase, layout_basic
D:2:      layout_basic, minmay_split_cup_small, uniq_sigmund
D:3:      layout_basic, mainiacjoe_overflow_six_doors_small,
          basic_ecumenical_altar

Skill      XL: |  1  2  3  4  5 |
---------------+----------------+-----
Armour         | 1 2 |  2.8
Fighting       | 4 5 |  5.0
Axes           | 6 |  6.8
Dodging        | |  2.4

Action                     |  1- 3 |  4- 6 || total
---------------------------+-------+-------++-------
  Melee: Hand axe          |    90 |    40 ||   130
    Use: Potion            |     2 |       ||     2
         Scroll            |     1 |     1 ||     2
 Armour: Robe              |    38 |    35 ||    73
  Dodge: Dodged            |    52 |    40 ||    92
